 Dungeon Crawl Stone Soup version 0.19-a0-1254-gb9c29c0 (webtiles) character file.

210 4thArraOfDagon the Firebug (level 5, -3/28 HPs)
             Began as a Deep Elf Fire Elementalist on Aug 27, 2016.
             Slain by Grinder (7 damage)
             ... while paralysed by Grinder
             ... on level 5 of the Dungeon.
             The game lasted 00:03:04 (507 turns).

4thArraOfDagon the Firebug (DEFE)                    Turns: 507, Time: 00:03:05

Health: -3/28      AC:  2    Str:  5    XL:     5   Next: 56%
Magic:  13/13      EV:  2    Int: 21    God:
Gold:   53         SH:  0    Dex: 15    Spells: 3 memorised, 4 levels left

rFire  . . .     SeeInvis .     h - +0 mace
rCold  . . .     Gourm    .     a - +0 robe
rNeg   . . .     Faith    .     (no shield)
rPois  .         Spirit   .     (no helmet)
rElec  .         Dismiss  .     (no cloak)
rCorr  .         Reflect  .     (no gloves)
MR     .....     Harm     .     (no boots)
Stlth  ++........               (no amulet)
                                (no ring)
                                (no ring)

@: paralysed
A: no striking features
a: no special abilities


You were on level 5 of the Dungeon.
You were not hungry.

You visited 1 branch of the dungeon, and saw 5 of its levels.

You collected 53 gold pieces.

Inventory:

Hand Weapons
 h - a +0 mace (weapon)
Armour
 a - a +0 robe (worn)
Scrolls
 d - a scroll of remove curse {unknown}
 e - a scroll of amnesia {unknown}
 f - a scroll of recharging {unknown}
 g - a scroll of immolation {unknown}
 j - a scroll of identify {unknown}
Books
 b - a book of Flames

   Spells                             Type                      Level
   a - Flame Tongue                   Conjuration/Fire             1
   b - Throw Flame                    Conjuration/Fire             2
   c - Conjure Flame                  Conjuration/Fire             3
   d - Inner Flame                    Hexes/Fire                   3
   e - Sticky Flame                   Conjuration/Fire             4
   f - Fireball                       Conjuration/Fire             5
Comestibles
 c - 3 bread rations
 i - a meat ration


   Skills:
 - Level 2.4 Dodging
 - Level 2.4 Stealth
 + Level 4.4 Spellcasting
 * Level 3.7 Conjurations
 * Level 5.1 Fire Magic


You had 4 spell levels left.
You knew the following spells:

 Your Spells              Type           Power        Failure   Level  Hunger
a - Flame Tongue          Conj/Fire      ###..        1%          1    None
b - Conjure Flame         Conj/Fire      ###.....     6%          3    ##.....
c - Sticky Flame          Conj/Fire      ###.....     21%         4    ####...


Dungeon Overview and Level Annotations

Branches:
Dungeon (5/15)
 Temple: D:4-7

Altars:
Gozag
Hepliaklqana

Annotations:
D:5 Grinder


Message History

The crimson imp barely misses you. The crimson imp hits you.
Grinder blinks!
The crimson imp hits you.
Grinder says, "Tell me all your secrets, or I'll kill you."
You can move again.
Unknown command.
Unknown command.
The crimson imp hits you. Grinder gestures at you.
Pain shoots through your body!
Unknown command.
The crimson imp blinks!
Grinder gestures at you.
You suddenly lose the ability to move!
Grinder gestures at you. Pain shoots through your body!
* * * LOW HITPOINT WARNING * * *
An adder comes into view.
The crimson imp blinks!
Grinder hits you!
You die...

##.# #...########
#..###.#.......<#
###......########.#
#.....o### #.#
#.#.##.# #.# #...##.#
#.### ######.#....#
#.... #...........#
#..##
..###.##...5.@..#
#..##
.......#.#...5.<#
#....
.......S............
##.#.
.......#.....#####...
#... ..###.##........
.. ###. #...ยง....##.
# #. #####...... . #.
#######. #. #o


You could see Grinder, an orc wizard, a crimson imp and an adder (wandering).

Vanquished Creatures
  2 phantoms (D:4)
  A worker ant (D:4)
  An orc (D:3)
  A ball python (D:2)
  A bat (D:3)
  2 goblins
  2 hobgoblins (D:3)
  A quokka (D:3)
  2 giant newts (D:1)
13 creatures vanquished.

Notes
Turn   | Place    | Note
-------+----------+-------------------------------------------
     0 | D:1      | 4thArraOfDagon the Deep Elf Fire Elementalist began the quest for the Orb.
     0 | D:1      | Reached XP level 1. HP: 10/10 MP: 6/6
    96 | D:3      | Reached XP level 2. HP: 11/15 MP: 1/8
   100 | D:2      | Found a hazy altar of Hepliaklqana.
   213 | D:4      | Noticed a phantom
   271 | D:4      | Killed a phantom
   271 | D:4      | Reached skill level 4 in Fire Magic
   271 | D:4      | Reached XP level 3. HP: 19/19 MP: 1/10
   271 | D:4      | Reached XP level 4. HP: 24/24 MP: 1/11
   291 | D:4      | Learned a level 3 spell: Conjure Flame
   296 | D:4      | Learned a level 4 spell: Sticky Flame
   320 | D:5      | Entered Level 5 of the Dungeon
   320 | D:5      | Noticed a phantom
   364 | D:4      | Killed a phantom
   364 | D:4      | Reached skill level 5 in Fire Magic
   364 | D:4      | Reached XP level 5. HP: 22/28 MP: 0/13
   430 | D:4      | Found an opulent altar of Gozag.
   493 | D:5      | Noticed Grinder
   499 | D:5      | Paralysed by Grinder for 4 turns
   504 | D:5      | Paralysed by Grinder for 6 turns
   507 | D:5      | Slain by Grinder

Vault maps used:
D:1:      minmay_arrival_four_houses, minmay_pentomino_x4
D:2:      minitemple, trog_hazing_becter
D:3:      serial_forest, infiniplex_forest_3_way, infiniplex_forest_join,
          infiniplex_forest_fountain, infiniplex_forest_end_2,
          infiniplex_forest_clump_diagonal, infiniplex_forest_straight_3,
          grunt_ministairs_1, minivault_23, uniq_iyjb
D:4:      kennysheep_the_goblin_king, grunt_gozag_breadcrumbs, first_bread
D:5:      uniq_grinder

Skill      XL: |  1  2  3  4 |
---------------+-------------+-----
Conjurations   | 2 3 |  3.7
Fire Magic     | 4 5 |  5.1
Spellcasting   | 4 |  4.4
Dodging        | |  2.4
Stealth        | |  2.4

Action                   |  1- 3 |  4- 6 || total
-------------------------+-------+-------++-------
Melee: Mace              |     5 |     2 ||     7
 Cast: Flame Tongue      |    27 |    10 ||    37
       Sticky Flame      |       |     1 ||     1
Armor: Robe              |     4 |     1 ||     5
Dodge: Dodged            |    11 |    10 ||    21
